SA
WASHINGTON GENERALS @ YELLOWKNIFE DRAGONBLOOD
08/31/2020
 
TOP OF THE 1ST
Washington Generals batting - Pitching for Yellowknife Dragonblood : RHP Rodger de Meza
Pitching: RHP Rodger de Meza
Batting: RHB Harley Gray 0-0: Ball
1-0: Called Strike
1-1: Called Strike
1-2: Strikes out looking
Batting: RHB Iván Rodríguez 0-0: Ball
1-0: Swinging Strike
1-1: Called Strike
1-2: Foul Ball, location: 2F
1-2: Foul Ball, location: 2F
1-2: Strikes out swinging
Batting: RHB José Cruz 0-0: Fly out, F8 (Flyball, 8RM)
Top of the 1st over - 0 run(s), 0 hit(s), 0 error(s), 0 left on base; Washington 0 - Yellowknife 0
BOTTOM OF THE 1ST
Yellowknife Dragonblood batting - Pitching for Washington Generals : RHP Kevin Porter
Pitching: RHP Kevin Porter
Batting: LHB Ángel Aguilar 0-0: Swinging Strike
0-1: Ball
1-1: Swinging Strike
1-2: Ground out 4-3 (Groundball, 34)
Batting: SHB Felipe Cisneros 0-0: Swinging Strike
0-1: SINGLE (Groundball, 5L)
Batting: LHB Carlos Álvarez 0-0: Ball
1-0: Ball
2-0: Ball
3-0: Called Strike
3-1: Swinging Strike
3-2: Grounds into double play, U4-3 (Groundball, 4)
Bottom of the 1st over - 0 run(s), 1 hit(s), 0 error(s), 0 left on base; Washington 0 - Yellowknife 0
TOP OF THE 2ND
Washington Generals batting - Pitching for Yellowknife Dragonblood : RHP Rodger de Meza
Batting: RHB Andy Moore 0-0: Foul Ball, location: 2F
0-1: Fly out, F8 (Flyball, 8RM)
Batting: RHB Arturo Morales 0-0: Ball
1-0: Called Strike
1-1: Ball
2-1: Foul Ball, location: 2F
2-2: Foul Ball, location: 2F
2-2: Strikes out swinging
Batting: LHB Jim Unknown 0-0: Ball
1-0: Foul Ball, location: 2F
1-1: Swinging Strike
1-2: SINGLE (Flyball, 8RS)
Batting: RHB Tim Lehman 0-0: Ball
1-0: Ball
2-0: Called Strike
2-1: Swinging Strike
2-2: Strikes out swinging
Top of the 2nd over - 0 run(s), 1 hit(s), 0 error(s), 1 left on base; Washington 0 - Yellowknife 0
BOTTOM OF THE 2ND
Yellowknife Dragonblood batting - Pitching for Washington Generals : RHP Kevin Porter
Batting: RHB Pedro Herrera 0-0: Called Strike
0-1: Ball
1-1: Ball
2-1: Ball
3-1: Called Strike
3-2: Fly out, F2 (Popup, 2L)
Batting: RHB Álex Hernández 0-0: Ball
1-0: Ball
2-0: Ball
3-0: Base on Balls
Batting: RHB Ángel Arroyo 0-0: SINGLE (Groundball, 56D)
Álex Hernández to second
Batting: RHB Jesús Hernández 0-0: Called Strike
0-1: Ball
Wild Pitch!
Álex Hernández to third
Ángel Arroyo to second
1-1: Foul Ball, location: 2F
1-2: Foul Ball, location: 2F
1-2: Foul Ball, location: 2F
1-2: Ball
2-2: Fly out, F7 (Flyball, 78M)
Runner from 3rd tags up, SCORES, throw made
Batting: LHB Carl Duncan 0-0: Foul Ball, location: 2F
0-1: Swinging Strike
0-2: Ball
1-2: DOUBLE (Groundball, 3L)
Ángel Arroyo scores
Batting: RHB Manny Rodríguez 0-0: Ball
1-0: Called Strike
1-1: Swinging Strike
1-2: Ball
2-2: Strikes out swinging
Bottom of the 2nd over - 2 run(s), 2 hit(s), 0 error(s), 1 left on base; Washington 0 - Yellowknife 2
TOP OF THE 3RD
Washington Generals batting - Pitching for Yellowknife Dragonblood : RHP Rodger de Meza
Batting: RHB Vicente Hernández 0-0: Ground out 4-3 (Groundball, 4)
Batting: LHB Jorge Aicón 0-0: Ball
1-0: Ground out 4-3 (Groundball, 13)
Batting: RHB Harley Gray 0-0: Ground out 4-3 (Groundball, 4M)
Top of the 3rd over - 0 run(s), 0 hit(s), 0 error(s), 0 left on base; Washington 0 - Yellowknife 2
BOTTOM OF THE 3RD
Yellowknife Dragonblood batting - Pitching for Washington Generals : RHP Kevin Porter
Batting: LHB Ángel Aguilar 0-0: Ball
1-0: Foul Ball, location: 2F
1-1: Swinging Strike
1-2: Foul Ball, location: 2F
1-2: Ball
2-2: Ball
3-2: Strikes out looking
Batting: SHB Felipe Cisneros 0-0: Ball
1-0: Swinging Strike
1-1: DOUBLE (Line Drive, 8LM)
Batting: LHB Carlos Álvarez 0-0: Ball
1-0: Called Strike
1-1: SINGLE (Line Drive, 6MD)
Felipe Cisneros to third
Batting: RHB Pedro Herrera 0-0: Ball
1-0: Fly out, F3 (Line Drive, 3)
Batting: RHB Álex Hernández 0-0: Ball
1-0: Ball
2-0: Called Strike
2-1: Foul Ball, location: 2F
2-2: Foul Ball, location: 2F
2-2: Ball
3-2: SINGLE (Line Drive, 7S)
Felipe Cisneros scores
Carlos Álvarez to second
Carlos Álvarez to third
Batting: RHB Ángel Arroyo 0-0: Fly out, F4 (Popup, 4MS)
Bottom of the 3rd over - 1 run(s), 3 hit(s), 0 error(s), 2 left on base; Washington 0 - Yellowknife 3
TOP OF THE 4TH
Washington Generals batting - Pitching for Yellowknife Dragonblood : RHP Rodger de Meza
Batting: RHB Iván Rodríguez 0-0: Ball
1-0: Swinging Strike
1-1: Ball
2-1: Foul Ball, location: 2F
2-2: Ball
3-2: Foul Ball, location: 2F
3-2: Base on Balls
Batting: RHB José Cruz 0-0: Swinging Strike
0-1: Swinging Strike
0-2: Grounds into double play, 6-4-3 (Groundball, 6)
Batting: RHB Andy Moore 0-0: Called Strike
0-1: Foul Ball, location: 2F
0-2: Ball
1-2: Ball
2-2: Ball
3-2: Strikes out looking
Top of the 4th over - 0 run(s), 0 hit(s), 0 error(s), 0 left on base; Washington 0 - Yellowknife 3
BOTTOM OF THE 4TH
Yellowknife Dragonblood batting - Pitching for Washington Generals : RHP Kevin Porter
Batting: RHB Jesús Hernández 0-0: Foul Ball, location: 2F
0-1: SINGLE (Groundball, 56D)
Batting: LHB Carl Duncan 0-0: Ball
1-0: Ball
2-0: Called Strike
2-1: Swinging Strike
2-2: Strikes out swinging
Batting: RHB Manny Rodríguez 0-0: Ball
Jesús Hernández is caught stealing 2nd base
1-0: Ball
2-0: Called Strike
2-1: Ground out 6-3 (Groundball, 56)
Bottom of the 4th over - 0 run(s), 1 hit(s), 0 error(s), 0 left on base; Washington 0 - Yellowknife 3
TOP OF THE 5TH
Washington Generals batting - Pitching for Yellowknife Dragonblood : RHP Rodger de Meza
Batting: RHB Arturo Morales 0-0: Ground out 6-3 (Groundball, 56)
Batting: LHB Jim Unknown 0-0: Called Strike
0-1: Swinging Strike
0-2: Ball
1-2: Ball
2-2: Foul Ball, location: 2F
2-2: Foul Ball, location: 2F
2-2: Foul Ball, location: 2F
2-2: SINGLE (Groundball, 34D)
Batting: RHB Tim Lehman 0-0: Swinging Strike
0-1: SINGLE (Line Drive, 4MD)
Jim Unknown to second
Batting: RHB Vicente Hernández 0-0: Ball
1-0: Grounds into double play, 6-4-3 (Groundball, 6)
Top of the 5th over - 0 run(s), 2 hit(s), 0 error(s), 1 left on base; Washington 0 - Yellowknife 3
BOTTOM OF THE 5TH
Yellowknife Dragonblood batting - Pitching for Washington Generals : RHP Kevin Porter
Batting: LHB Ángel Aguilar 0-0: Fly out, F4 (Line Drive, 4)
Batting: SHB Felipe Cisneros 0-0: Called Strike
0-1: Foul Ball, location: 2F
0-2: Ball
1-2: Strikes out swinging
Batting: LHB Carlos Álvarez 0-0: Called Strike
0-1: Ball
1-1: SINGLE (Groundball, 4MD)
Pitching: RHP Germán Orozco
Batting: RHB Pedro Herrera 0-0: Fly out, F9 (Flyball, 9M)
Bottom of the 5th over - 0 run(s), 1 hit(s), 0 error(s), 1 left on base; Washington 0 - Yellowknife 3
TOP OF THE 6TH
Washington Generals batting - Pitching for Yellowknife Dragonblood : RHP Rodger de Meza
Batting: LHB Jorge Aicón 0-0: Ball
1-0: Ground out 6-3 (Groundball, 6M)
Batting: RHB Harley Gray 0-0: Ball
1-0: Ground out 1-3 (Groundball, 23)
Batting: RHB Iván Rodríguez 0-0: Called Strike
0-1: Foul Ball, location: 2F
0-2: Ball
1-2: Strikes out swinging
Top of the 6th over - 0 run(s), 0 hit(s), 0 error(s), 0 left on base; Washington 0 - Yellowknife 3
BOTTOM OF THE 6TH
Yellowknife Dragonblood batting - Pitching for Washington Generals : RHP Germán Orozco
Batting: RHB Álex Hernández 0-0: Ball
1-0: Fly out, F9 (Flyball, 9LM)
Batting: RHB Ángel Arroyo 0-0: Ground out 6-3 (Groundball, 6)
Batting: RHB Jesús Hernández 0-0: Called Strike
0-1: SINGLE (Groundball, 56D)
Batting: LHB Carl Duncan 0-0: Ball
1-0: Ball
2-0: Swinging Strike
2-1: Ball
3-1: SINGLE (Groundball, 34D)
Jesús Hernández to second
Runner from 2nd tries for 3rd, SAFE, throw made to third
Batting: RHB Manny Rodríguez 0-0: Ball
1-0: Fielders Choice at 2nd, 5-4 (Groundball, 56)
Bottom of the 6th over - 0 run(s), 2 hit(s), 0 error(s), 1 left on base; Washington 0 - Yellowknife 3
TOP OF THE 7TH
Washington Generals batting - Pitching for Yellowknife Dragonblood : RHP Rodger de Meza
Batting: RHB José Cruz 0-0: Ball
1-0: SINGLE (Groundball, 56D)
Batting: RHB Andy Moore 0-0: Ball
1-0: Called Strike
1-1: Called Strike
1-2: Fielders Choice at 2nd, 6-4 (Groundball, 6)
Batting: RHB Arturo Morales 0-0: Called Strike
0-1: Ground out 3-1 (Groundball, 34S)
Andy Moore to second
Batting: LHB Jim Unknown 0-0: Ball
1-0: Foul Ball, location: 2F
1-1: Ball
2-1: Fly out, F5 (Popup, 5S)
Top of the 7th over - 0 run(s), 1 hit(s), 0 error(s), 1 left on base; Washington 0 - Yellowknife 3
BOTTOM OF THE 7TH
Yellowknife Dragonblood batting - Pitching for Washington Generals : RHP Germán Orozco
Batting: LHB Ángel Aguilar 0-0: Foul Ball, location: 2F
0-1: Foul Ball, location: 2F
0-2: Ball
1-2: Foul Ball, location: 2F
1-2: Ball
2-2: Strikes out swinging
Batting: SHB Felipe Cisneros 0-0: SINGLE (Groundball, 34D)
Batting: LHB Carlos Álvarez 0-0: Foul Ball, location: 2F
0-1: Called Strike
0-2: Ball
1-2: Ball
2-2: Ball
3-2: Foul Ball, location: 2F
3-2: Grounds into double play, 4-6-3 (Groundball, 34)
Bottom of the 7th over - 0 run(s), 1 hit(s), 0 error(s), 0 left on base; Washington 0 - Yellowknife 3
TOP OF THE 8TH
Washington Generals batting - Pitching for Yellowknife Dragonblood : RHP Rodger de Meza
Batting: RHB Tim Lehman 0-0: Swinging Strike
0-1: Ball
1-1: SINGLE (Line Drive, 3)
Batting: RHB Vicente Hernández 0-0: Ball
1-0: Fly out, F8 (Flyball, 8RM)
Batting: LHB Jorge Aicón 0-0: Ball
1-0: Fly out, F7 (Line Drive, 78M)
Batting: RHB Harley Gray 0-0: Ball
1-0: DOUBLE (Groundball, 3D)
Tim Lehman to third
Runner from 3rd tries for Home, throw and OUT!
Top of the 8th over - 0 run(s), 2 hit(s), 0 error(s), 1 left on base; Washington 0 - Yellowknife 3
BOTTOM OF THE 8TH
Yellowknife Dragonblood batting - Pitching for Washington Generals : RHP Germán Orozco
Batting: RHB Pedro Herrera 0-0: Ball
1-0: Ball
2-0: Ground out 4-3 (Groundball, 4)
Batting: RHB Álex Hernández 0-0: Ball
1-0: Called Strike
1-1: Ball
2-1: Foul Ball, location: 2F
2-2: Ground out 5-3 (Groundball, 5S)
Batting: RHB Ángel Arroyo 0-0: Ground out 6-3 (Groundball, 6M)
Bottom of the 8th over - 0 run(s), 0 hit(s), 0 error(s), 0 left on base; Washington 0 - Yellowknife 3
TOP OF THE 9TH
Washington Generals batting - Pitching for Yellowknife Dragonblood : RHP Rodger de Meza
Batting: RHB Iván Rodríguez 0-0: Called Strike
0-1: Foul Ball, location: 2F
0-2: Ball
1-2: Strikes out swinging
Batting: RHB José Cruz 0-0: Ball
1-0: Foul Ball, location: 2F
1-1: Fly out, F7 (Line Drive, 78D)
Batting: RHB Andy Moore 0-0: Ball
1-0: Ball
2-0: Called Strike
2-1: Ball
3-1: Foul Ball, location: 2F
3-2: Strikes out swinging
Top of the 9th over - 0 run(s), 0 hit(s), 0 error(s), 0 left on base; Washington 0 - Yellowknife 3
This league is powered by Out of the Park Baseball, the baseball management simulation game for PC, Mac and Linux
Friday, October 23rd, 2015 - OOTP Baseball 16.9 Build 39